[Event "Titled Tuesday Blitz July 11 Late 2023"]
[White "SergioMoralesG"]
[Black "Jaracz, Pawel"]
[BlackFideId "1102222"]
[WhiteElo "2448"]
[BlackElo "2721"]
[Result "1-0"]
[Round "2"]
[TimeControl "180+2"]
[Date "2023.07.11"]
[WhiteClock "0:00:10"]
[BlackClock "0:00:08"]
[Board "59"]

1. d4 d5 2. c4 e6 3. Nf3 Nf6 4. Nc3 c6 5. Bg5 dxc4 6. e4 b5 7. e5 h6 8. Bh4 g5 9. Bg3 Nd5 10. Nd2 b4 11. Nce4 c3 12. bxc3 Nxc3 13. Nxc3 bxc3 14. Ne4 Bb4 15. Qc2 Qxd4 16. Rd1 Qb6 17. Nd6+ Ke7 18. Be2 Nd7 19. O-O Qc5 20. Bh5 Ba6 21. Rfe1 Raf8 22. Nxf7 Rxf7 23. Bxf7 Nf8 24. Bh5 Bc4 25. Kh1 Bd5 26. f4 Qc4 27. Rf1 Qxa2 28. Qd3 Qc4 29. Qc2 Be4 30. Qa4 Bc5 31. Qxc4 Bd5 32. Qxc5+ Kd7 33. Rxd5+ exd5 34. Qxa7+ Ke6 35. fxg5 hxg5 36. Bg4# 1-0


[Site "https://www.chess.com"]

[Event "Titled Tuesday Blitz July 11 Late 2023"]
[White "Jarovinsky, Alexey"]
[Black "Goncalves, Davi Sulzbacher"]
[WhiteFideId "14115131"]
[BlackFideId "2154510"]
[WhiteElo "2719"]
[BlackElo "2444"]
[Result "1-0"]
[Round "2"]
[TimeControl "180+2"]
[Date "2023.07.11"]
[WhiteClock "0:00:07"]
[BlackClock "0:00:00"]
[Board "60"]

1. Nc3 c5 2. e4 Nc6 3. Bb5 g6 4. Bxc6 bxc6 5. d3 Bg7 6. Nge2 e5 7. Be3 d6 8. Qd2 Ne7 9. Bh6 O-O 10. O-O Rb8 11. b3 f5 12. Bxg7 Kxg7 13. f4 Be6 14. Qe3 fxe4 15. Qxe4 Bd5 16. Qe3 Nf5 17. Qh3 Qe7 18. Rae1 Rbe8 19. Ng3 Nd4 20. f5 Nxc2 21. Re2 Nd4 22. Ref2 gxf5 23. Nxf5+ Nxf5 24. Rxf5 Be6 25. Qg3+ Kh8 26. R5f3 Rg8 27. Qf2 Qg7 28. Ne4 Bd5 29. Rg3 Qe7 30. Rxg8+ Rxg8 31. Ng3 Be6 32. Qf6+ Qxf6 33. Rxf6 Re8 34. Ne4 Kg7 35. Nxd6 Kxf6 36. Nxe8+ Ke7 37. Ng7 Bg4 38. h3 Kf7 39. hxg4 Kxg7 40. Kf2 Kf6 41. Kf3 h6 42. Ke4 Ke6 43. a4 Kf6 44. a5 a6 45. Kf3 Ke6 46. g5 hxg5 47. Kg4 Kd5 48. Kxg5 Kd4 49. Kf5 Kxd3 50. Kxe5 Kc3 51. Kd6 Kxb3 52. Kxc5 1-0


[Site "https://www.chess.com"]

[Event "Titled Tuesday Blitz July 11 Late 2023"]
[White "Rios Escobar, Adan"]
[Black "Nazari, Arad"]
[WhiteFideId "3403645"]
[BlackFideId "12577324"]
[WhiteElo "2439"]
[BlackElo "2718"]
[Result "0-1"]
[Round "2"]
[TimeControl "180+2"]
[Date "2023.07.11"]
[WhiteClock "0:00:00"]
[BlackClock "0:00:33"]
[Board "61"]

1. d4 Nf6 2. g3 g6 3. Bg2 d5 4. Nf3 Bg7 5. c4 O-O 6. cxd5 Nxd5 7. O-O Nb6 8. Nc3 Nc6 9. d5 Nb4 10. e4 e6 11. a3 Na6 12. Bg5 f6 13. Be3 Nc4 14. Bc1 e5 15. Nh4 Nd6 16. Be3 Nc4 17. Bc1 Nc5 18. b4 Nd7 19. Qb3 Nd6 20. Be3 a5 21. Rfc1 b6 22. b5 f5 23. exf5 gxf5 24. Bh3 f4 25. Bd2 Nc5 26. Qa2 Bxh3 27. Nd1 Bf6 28. Ng2 Nde4 29. Rxc5 bxc5 30. d6+ Kh8 31. d7 Qxd7 0-1


[Site "https://www.chess.com"]

[Event "Titled Tuesday Blitz July 11 Late 2023"]
[White "Weetik, Vjacheslav"]
[Black "Romero Ruscalleda, Josep"]
[WhiteFideId "4153472"]
[BlackFideId "2231859"]
[WhiteElo "2717"]
[BlackElo "2438"]
[Result "0-1"]
[Round "2"]
[TimeControl "180+2"]
[Date "2023.07.11"]
[WhiteClock "0:00:37"]
[BlackClock "0:01:08"]
[Board "62"]

1. d4 g6 2. e4 Bg7 3. Nf3 d6 4. Bc4 Nf6 5. Qe2 O-O 6. O-O Nc6 7. c3 Bg4 8. Nbd2 e5 9. h3 Bxf3 10. Nxf3 exd4 11. cxd4 d5 12. exd5 Nxd5 13. Bg5 Nxd4 14. Nxd4 Qxg5 15. Nf3 Qh5 16. g4 Qxh3 17. Bxd5 Qxg4+ 18. Kh1 Qh5+ 19. Kg2 Qxd5 20. Rfd1 Qh5 21. Qc4 c6 22. Rh1 Qd5 23. Qh4 h5 24. Rad1 Qxa2 25. Rd7 Qxb2 26. Qg3 Rad8 27. Qc7 Rxd7 28. Qxd7 a5 29. Re1 a4 30. Re7 a3 31. Ng5 Qf6 32. Ne4 Qf4 33. Nd6 Qg4+ 34. Qxg4 hxg4 35. Rxb7 a2 36. Nf5 gxf5 0-1


[Site "https://www.chess.com"]

[Event "Titled Tuesday Blitz July 11 Late 2023"]
[White "Andrews, Todd"]
[Black "Haydon, David L"]
[WhiteFideId "2012456"]
[BlackFideId "415405"]
[WhiteElo "2438"]
[BlackElo "2716"]
[Result "0-1"]
[Round "2"]
[TimeControl "180+2"]
[Date "2023.07.11"]
[WhiteClock "0:00:00"]
[BlackClock "0:00:45"]
[Board "63"]

1. e4 c6 2. c4 d5 3. exd5 cxd5 4. cxd5 Qxd5 5. Nc3 Qd8 6. Nf3 Nf6 7. d4 e6 8. Bd3 Be7 9. O-O O-O 10. Re1 Nc6 11. a3 b6 12. Bc2 Bb7 13. Qd3 Rc8 14. Bg5 g6 15. Rad1 Na5 16. Ne5 Nd7 17. Bh6 Re8 18. Qh3 Nxe5 19. dxe5 Qc7 20. Be4 Nc4 21. Bxb7 Qxb7 22. Re2 Red8 23. Rde1 Qd7 24. Ne4 Qd3 25. Qxd3 Rxd3 26. Bg5 Bxg5 27. Nxg5 Rcd8 28. g3 Rd2 29. b3 Rxe2 30. Rxe2 Nxa3 31. Ne4 Nb5 32. Nf6+ Kg7 33. Rc2 Nd4 34. Rc7 Nf3+ 35. Kg2 Nxe5 36. Ne4 Rd4 37. Ng5 Rd2 38. Nxe6+ Kf6 39. Nf4 Ra2 40. h4 Ng4 41. Nd3 Rd2 42. Rc6+ Kg7 43. Nb4 Rxf2+ 44. Kg1 Rb2 45. Nd5 Rxb3 46. Kg2 Rd3 47. Nf4 Rd2+ 48. Kf3 Ne5+ 49. Ke3 Nxc6 50. Kxd2 Kf6 51. Ke3 Kf5 52. Kf3 b5 53. g4+ Ke5 54. Nd3+ Kd4 55. Nf4 Ne5+ 56. Kg3 b4 57. h5 b3 58. Ne2+ Kc4 0-1


[Site "https://www.chess.com"]

[Event "Titled Tuesday Blitz July 11 Late 2023"]
[White "Kaplan, Avi Harrison"]
[Black "Jaferian, Koosha"]
[WhiteFideId "30934559"]
[BlackFideId "12507440"]
[WhiteElo "2434"]
[BlackElo "2715"]
[Result "0-1"]
[Round "2"]
[TimeControl "180+2"]
[Date "2023.07.11"]
[WhiteClock "0:00:03"]
[BlackClock "0:00:04"]
[Board "64"]

1. e4 c6 2. d4 d5 3. exd5 cxd5 4. Bd3 Nc6 5. c3 Qc7 6. h3 g6 7. Qc2 f6 8. Nf3 e5 9. Nfd2 e4 10. Bb5 f5 11. O-O Nf6 12. c4 Be6 13. Nc3 Bg7 14. cxd5 Nxd5 15. Ndxe4 fxe4 16. Qxe4 Qd7 17. Re1 Kf7 18. Bc4 Rhd8 19. Bg5 Bf6 20. Qf3 Nxd4 21. Qg3 Nf5 22. Qg4 Nc7 23. Bxe6+ Nxe6 24. Bxf6 Kxf6 25. Ne4+ Kg7 26. Rad1 Qe7 27. Rxd8 Rxd8 28. h4 Qxh4 29. Qf3 Qf4 30. Qc3+ Ned4 31. Nc5 Kg8 32. Nxb7 Rd7 33. Qc8+ Kg7 34. Qxd7+ Kh6 35. Nd8 Qg4 36. Nf7+ Kh5 37. Qd5 g5 38. Ne5 Qf4 39. Re3 g4 40. Rd3 Ne2+ 41. Kf1 Neg3+ 42. Ke1 Qc1+ 43. Rd1 Qf4 44. fxg3 Qe3+ 45. Kf1 Nxg3# 0-1


[Site "https://www.chess.com"]

[Event "Titled Tuesday Blitz July 11 Late 2023"]
[White "caropawn10"]
[Black "Mikhalsky, Vladimir"]
[BlackFideId "14144352"]
[WhiteElo "2711"]
[BlackElo "2431"]
[Result "1-0"]
[Round "2"]
[TimeControl "180+2"]
[Date "2023.07.11"]
[WhiteClock "0:00:38"]
[BlackClock "0:00:00"]
[Board "65"]

1. c4 c5 2. Nf3 Nf6 3. d4 cxd4 4. Nxd4 g6 5. Nc3 Bg7 6. e4 O-O 7. Be3 d6 8. Be2 Nc6 9. O-O Nxd4 10. Bxd4 a6 11. Rc1 Be6 12. b3 Nd7 13. Be3 Nc5 14. f3 f5 15. exf5 Rxf5 16. Qd2 Kh8 17. Rfe1 Qa5 18. Ne4 Qxd2 19. Nxd2 b5 20. Bf1 b4 21. Bxc5 dxc5 22. Rxe6 Bh6 23. Rc2 Rd8 24. Ne4 Rd1 25. Nf2 Ra1 26. Rxe7 Bg7 27. Re8+ Rf8 28. Rxf8+ Bxf8 29. g3 Bg7 30. Kg2 Bd4 31. Ne4 a5 32. f4 Re1 33. Nd2 Re3 34. Nf3 Bf6 35. Re2 Rc3 36. g4 a4 37. bxa4 Ra3 38. g5 Ba1 39. h4 Rxa4 40. h5 gxh5 41. f5 Kg7 42. f6+ Kf8 43. Rd2 Bd4 44. Nxd4 cxd4 45. Rxd4 Rxa2+ 46. Kg3 Rc2 47. Bh3 b3 48. Be6 Ke8 49. f7+ Ke7 50. Rd8 Rc3+ 51. Kf4 1-0


[Site "https://www.chess.com"]

[Event "Titled Tuesday Blitz July 11 Late 2023"]
[White "Todev, Simeon"]
[Black "Rosen, Eric"]
[WhiteFideId "2925133"]
[BlackFideId "2032562"]
[WhiteElo "2426"]
[BlackElo "2704"]
[Result "0-1"]
[Round "2"]
[TimeControl "180+2"]
[Date "2023.07.11"]
[WhiteClock "0:01:35"]
[BlackClock "0:00:54"]
[Board "66"]

1. e4 c5 2. Nf3 Nc6 3. d4 cxd4 4. Nxd4 g6 5. Nc3 Bg7 6. Be3 Nf6 7. f3 O-O 8. Qd2 d5 9. exd5 Nxd5 10. Nxd5 Qxd5 11. Nxc6 Qxc6 12. O-O-O Be6 13. Kb1 Qa4 14. b3 Qa3 15. Bd4 Rfd8 16. Qf2 Qb4 17. c3 Bxd4 18. Rxd4 Qxc3 19. Rxd8+ Rxd8 20. Qc2 Bf5 0-1


[Site "https://www.chess.com"]

[Event "Titled Tuesday Blitz July 11 Late 2023"]
[White "Seletsky, Grigory"]
[Black "Cugimura97"]
[WhiteFideId "14112191"]
[WhiteElo "2409"]
[BlackElo "2697"]
[Result "0-1"]
[Round "2"]
[TimeControl "180+2"]
[Date "2023.07.11"]
[WhiteClock "0:00:09"]
[BlackClock "0:00:41"]
[Board "67"]

1. e3 d5 2. d4 Nf6 3. c4 c6 4. Nc3 a6 5. Nf3 Bg4 6. Qb3 b5 7. cxd5 cxd5 8. Ne5 e6 9. a4 b4 10. Na2 Nbd7 11. Nxg4 Nxg4 12. h3 Ngf6 13. a5 Bd6 14. Bd2 Ne4 15. Bxb4 Qh4 16. g3 Bxg3 17. fxg3 Qxg3+ 18. Ke2 Qf2+ 19. Kd1 Rb8 20. Be2 Qg3 21. Rf1 Nd6 22. Qa3 Nc4 23. Bxc4 dxc4 24. Be1 Qxh3 25. Rf2 Rb3 26. Qa4 Rxe3 27. Qxc4 O-O 28. Nc3 Qg4+ 29. Kc2 e5 30. Ra4 Rxe1 31. dxe5 Qg6+ 32. Kb3 Rb8+ 33. Ka2 Qg1 34. Qxf7+ Kh8 35. Rb4 Ra1+ 36. Kb3 Nc5+ 37. Kc4 Qg4+ 38. Rf4 Qxf4+ 39. Qxf4 Rxb4+ 40. Kxb4 Nd3+ 41. Kc4 Nxf4 42. e6 Nxe6 0-1


[Site "https://www.chess.com"]

[Event "Titled Tuesday Blitz July 11 Late 2023"]
[White "Matinian, Nikita"]
[Black "Buchenau, Frank"]
[WhiteFideId "24129100"]
[BlackFideId "4604350"]
[WhiteElo "2696"]
[BlackElo "2398"]
[Result "1/2-1/2"]
[Round "2"]
[TimeControl "180+2"]
[Date "2023.07.11"]
[WhiteClock "0:00:31"]
[BlackClock "0:00:07"]
[Board "68"]

1. e4 e6 2. d4 d5 3. Nc3 Nf6 4. e5 Nfd7 5. f4 c5 6. Nf3 Nc6 7. Be3 a6 8. Qd2 b5 9. dxc5 Bxc5 10. O-O-O Qb6 11. Bxc5 Nxc5 12. Kb1 b4 13. Ne2 Ne4 14. Qe1 Nf2 15. Rg1 Nxd1 16. Qxd1 a5 17. g4 Ba6 18. f5 O-O-O 19. Ned4 Bxf1 20. Rxf1 Nxd4 21. Nxd4 Rd7 22. Rf3 Kb8 23. a3 Rc8 24. axb4 axb4 25. fxe6 fxe6 26. Rd3 Rf7 27. Rb3 Rc4 28. c3 Rf2 29. g5 Rxh2 30. Qf3 Ka7 31. Qf7+ Rc7 32. Qe8 Rh1+ 33. Kc2 Rh2+ 34. Kd1 Qa6 35. Nb5+ Kb7 36. Nd6+ Ka7 37. Nb5+ Kb7 38. Nd6+ Ka7 39. Nb5+ 1/2-1/2


[Site "https://www.chess.com"]

[Event "Titled Tuesday Blitz July 11 Late 2023"]
[White "Pinero Rodriguez, Carlos Jose"]
[Black "Goryachkina, Aleksandra"]
[WhiteFideId "3901726"]
[BlackFideId "4147103"]
[WhiteElo "2391"]
[BlackElo "2691"]
[Result "1-0"]
[Round "2"]
[TimeControl "180+2"]
[Date "2023.07.11"]
[WhiteClock "0:00:13"]
[BlackClock "0:00:00"]
[Board "69"]

1. b3 d5 2. Bb2 c5 3. e3 a6 4. f4 Nc6 5. Nf3 Bf5 6. d3 e6 7. h3 h6 8. g4 Bh7 9. Nbd2 Nf6 10. Bg2 Bd6 11. O-O d4 12. exd4 Bxf4 13. dxc5 Be3+ 14. Kh1 Bxc5 15. Ne5 Nxe5 16. Bxe5 Qe7 17. Qf3 Ra7 18. Rae1 O-O 19. Bxf6 Qxf6 20. Qxf6 gxf6 21. Rxf6 Kg7 22. Rff1 b5 23. Be4 f5 24. gxf5 exf5 25. Bf3 Rc7 26. Re2 Bd4 27. c4 Rd8 28. Bd5 Bf6 29. Rg1+ Kh8 30. Nf3 Bg8 31. Bxg8 Rxg8 32. Rxg8+ Kxg8 33. Re6 Kf7 34. Rxa6 bxc4 35. dxc4 Re7 36. Ra5 Kg6 37. Rd5 Re3 38. Kg2 Re2+ 39. Kg3 Rxa2 40. Rd2 Ra3 41. Rd3 h5 42. Nd2 h4+ 43. Kf3 Bg5 44. Nf1 Kf6 45. Ne3 Ke6 46. Nd5 Ra1 47. c5 Rc1 48. b4 Ke5 49. Nc3 Rg1 50. Kf2 Rc1 51. c6 Bd2 52. Rxd2 Rxc3 53. b5 Ke4 54. Rb2 Rf3+ 55. Kg2 Rg3+ 56. Kh2 f4 57. c7 Rg8 58. b6 f3 59. b7 Ke3 60. c8=Q 1-0


[Site "https://www.chess.com"]

[Event "Titled Tuesday Blitz July 11 Late 2023"]
[White "2KRK1"]
[Black "Krzywda, Andrzej"]
[BlackFideId "1114565"]
[WhiteElo "2690"]
[BlackElo "2382"]
[Result "1-0"]
[Round "2"]
[TimeControl "180+2"]
[Date "2023.07.11"]
[WhiteClock "0:00:19"]
[BlackClock "0:00:04"]
[Board "70"]

1. Nf3 d5 2. b3 Nf6 3. e3 g6 4. Bb2 Bg7 5. c4 dxc4 6. Bxc4 c5 7. O-O O-O 8. d4 Ne4 9. Qe2 cxd4 10. Rd1 Nd6 11. Bxd4 Nc6 12. Bxg7 Kxg7 13. Qb2+ Kg8 14. Be2 Qa5 15. Nc3 Bg4 16. Nd5 Be6 17. Nxe7+ Nxe7 18. Rxd6 Rac8 19. Rad1 Nf5 20. R6d2 Qb4 21. Ng5 Rce8 22. Nxe6 Rxe6 23. Rd7 Qb6 24. Bc4 Nxe3 25. fxe3 Qxe3+ 26. Qf2 Qxf2+ 27. Kxf2 Rf6+ 28. Kg1 Re8 29. Rxb7 Re3 30. Rxa7 Rc3 31. Rf1 Rxf1+ 32. Kxf1 Rc2 33. Rxf7 Kh8 34. Rf2 Rc3 35. Ke2 Rc1 36. Kd2 Ra1 37. Kc3 Kg7 38. a4 h5 39. Kb2 Re1 40. a5 Re7 41. Rf7+ Rxf7 42. Bxf7 Kxf7 43. a6 Kf6 44. a7 Kg5 45. a8=Q Kh4 46. Qe4+ Kg5 47. g3 h4 48. Qf4+ Kh5 49. Qxh4# 1-0


[Site "https://www.chess.com"]

[Event "Titled Tuesday Blitz July 11 Late 2023"]
[White "Tarasova, Viktoriya"]
[Black "Lavrik, Dmitry"]
[WhiteFideId "4175840"]
[BlackFideId "24113190"]
[WhiteElo "2372"]
[BlackElo "2685"]
[Result "0-1"]
[Round "2"]
[TimeControl "180+2"]
[Date "2023.07.11"]
[WhiteClock "0:00:00"]
[BlackClock "0:00:11"]
[Board "71"]

1. d4 Nf6 2. c4 g6 3. Nc3 d5 4. cxd5 Nxd5 5. g3 Bg7 6. Bg2 Nxc3 7. bxc3 c5 8. e3 O-O 9. Ne2 Nc6 10. O-O Qc7 11. d5 Na5 12. Qc2 e6 13. Nf4 e5 14. Ne2 Nc4 15. Rb1 Rb8 16. e4 b6 17. f4 exf4 18. gxf4 Re8 19. Ng3 h5 20. e5 h4 21. Ne4 h3 22. Bh1 Bf5 23. d6 Qd8 24. Qd3 b5 25. a4 a6 26. axb5 axb5 27. Qd5 Nxe5 28. fxe5 Rxe5 29. Qc6 Qh4 30. Bf4 Re6 31. Bg3 Qd8 32. Rbe1 b4 33. Qc7 bxc3 34. Qxd8+ Rxd8 35. Nxc5 Bd4+ 36. Bf2 Rexd6 37. Bxd4 Rxd4 38. Rc1 Rg4+ 39. Kf2 c2 40. Bf3 Rc4 41. Nb7 Rd2+ 42. Kg3 Rc3 43. Rfe1 Rg2+ 44. Kf4 Rxh2 45. Re8+ Kg7 46. Nd6 Be6 47. Ne4 Rc4 48. Re7 Kf8 0-1


[Site "https://www.chess.com"]

[Event "Titled Tuesday Blitz July 11 Late 2023"]
[White "Mikhailov, Viacheslav"]
[Black "Stachanczyk, Jacek"]
[WhiteFideId "4187369"]
[BlackFideId "1116657"]
[WhiteElo "2681"]
[BlackElo "2361"]
[Result "1-0"]
[Round "2"]
[TimeControl "180+2"]
[Date "2023.07.11"]
[WhiteClock "0:00:04"]
[BlackClock "0:00:00"]
[Board "72"]

1. Nf3 Nf6 2. g3 g6 3. Bg2 Bg7 4. O-O O-O 5. c4 c5 6. Nc3 Nc6 7. d4 cxd4 8. Nxd4 d6 9. Nxc6 bxc6 10. b3 d5 11. Bf4 e6 12. Rc1 Re8 13. Be5 Nd7 14. Bxg7 Kxg7 15. cxd5 cxd5 16. Nb5 Re7 17. Qd4+ Kg8 18. Nxa7 Bb7 19. Nc6 Bxc6 20. Rxc6 Rxa2 21. Rfc1 Re8 22. e4 Nf6 23. Rc8 Qe7 24. Rxe8+ Nxe8 25. exd5 exd5 26. Bxd5 Nf6 27. Rc8+ Kg7 28. Rc6 h5 29. Kg2 Qd8 30. Rc5 Qb6 31. Qc4 Qa7 32. Bf3 Rb2 33. h3 Nd7 34. Qd4+ Kh7 35. Qxb2 Qxc5 36. b4 Qb6 37. Qc3 h4 38. gxh4 Qb8 39. h5 Ne5 40. hxg6+ fxg6 41. Be4 Qd6 42. Qc5 1-0


[Site "https://www.chess.com"]

[Event "Titled Tuesday Blitz July 11 Late 2023"]
[White "Tsyhanchuk, Stanislav"]
[Black "Rastbod, Ali"]
[WhiteFideId "13505130"]
[BlackFideId "12567477"]
[WhiteElo "2327"]
[BlackElo "2672"]
[Result "0-1"]
[Round "2"]
[TimeControl "180+2"]
[Date "2023.07.11"]
[WhiteClock "0:00:01"]
[BlackClock "0:01:34"]
[Board "73"]

1. e4 c6 2. d4 d5 3. e5 c5 4. dxc5 e6 5. b4 a5 6. c3 axb4 7. cxb4 b6 8. Bb5+ Bd7 9. Nc3 bxc5 10. Bxd7+ Nxd7 11. bxc5 Nxe5 12. Qd4 Nc6 13. Qe3 Qa5 14. Bd2 Qxc5 15. Nge2 d4 16. Qf3 dxc3 17. Be3 Qd5 18. Qg3 Bd6 19. Nf4 Bxf4 20. Bxf4 Nge7 21. O-O O-O 22. Rfd1 Qf5 23. h4 Qg6 24. Bg5 f6 25. Qe3 fxg5 26. h5 Qf5 0-1


[Site "https://www.chess.com"]

[Event "Titled Tuesday Blitz July 11 Late 2023"]
[White "Bolourchifard, Farzad"]
[Black "kiwibobo"]
[WhiteFideId "12510084"]
[WhiteElo "2670"]
[BlackElo "2327"]
[Result "1/2-1/2"]
[Round "2"]
[TimeControl "180+2"]
[Date "2023.07.11"]
[WhiteClock "0:00:04"]
[BlackClock "0:00:24"]
[Board "74"]

1. d4 Nf6 2. Nf3 g6 3. Bg5 Bg7 4. e3 O-O 5. Be2 d5 6. O-O c5 7. c3 Nc6 8. Nbd2 Nd7 9. a4 Qe8 10. a5 e5 11. dxe5 Ndxe5 12. Bb5 a6 13. Be2 Be6 14. Qa4 Bd7 15. Qa3 c4 16. Nxe5 Nxe5 17. Be7 Bc6 18. Nf3 Nd7 19. Rfd1 Qc8 20. Bxf8 Bxf8 21. b4 Bd6 22. Qb2 Ne5 23. Nxe5 Bxe5 24. Bf3 Qe6 25. Qc2 Rd8 26. Rd2 d4 27. cxd4 Bxf3 28. gxf3 Bd6 29. Qe4 Qh3 30. f4 Bxb4 31. Rc2 c3 32. Qxb7 Qg4+ 33. Qg2 Qf5 34. f3 Re8 35. e4 Qxf4 36. Qe2 Rd8 37. d5 Qd6 38. Kh1 Rc8 39. Rd1 Bxa5 40. e5 Qd7 41. Qxa6 Qh3 42. Qe2 Re8 43. d6 Rxe5 44. Qg2 Qd7 45. f4 Re6 46. Qd5 Bb4 47. Ra2 Rxd6 48. Ra8+ Kg7 49. Qe5+ f6 50. Rxd6 Bxd6 51. Qe8 Qb7+ 52. Kg1 c2 53. Rc8 Qb1+ 54. Kg2 c1=Q 55. Qd7+ Kh6 56. Qh3+ Kg7 57. Qd7+ Kh6 58. Qh3+ Kg7 59. Qd7+ 1/2-1/2


[Site "https://www.chess.com"]

[Event "Titled Tuesday Blitz July 11 Late 2023"]
[White "Nefedov, Sergey"]
[Black "Kostiukov, Alexandr"]
[WhiteFideId "24113417"]
[BlackFideId "14108100"]
[WhiteElo "2669"]
[BlackElo "2318"]
[Result "1-0"]
[Round "2"]
[TimeControl "180+2"]
[Date "2023.07.11"]
[WhiteClock "0:00:35"]
[BlackClock "0:00:52"]
[Board "75"]

1. d4 g6 2. Nf3 Bg7 3. c3 d6 4. Bf4 Nc6 5. e3 e5 6. Bg3 e4 7. Nfd2 f5 8. h4 Nf6 9. Be2 h6 10. c4 O-O 11. Nc3 Bd7 12. Qb3 Kh7 13. Rd1 a5 14. c5 a4 15. Nxa4 Nxd4 16. exd4 Bxa4 17. Qxb7 Bxd1 18. Bxd1 dxc5 19. dxc5 Rb8 20. Qxc7 Rxb2 21. Nc4 Rb1 22. Qxd8 Rxd8 23. Bd6 Ne8 24. O-O Nxd6 25. cxd6 Rc1 26. Be2 Rxf1+ 27. Bxf1 Bf8 28. a4 Bxd6 29. a5 Bc5 30. a6 Rd1 31. g3 Ra1 32. Ne3 Kg7 33. Kg2 Kf6 34. Bb5 Bxe3 35. fxe3 Ra2+ 36. Kf1 Ke5 37. Bc4 Ra4 38. Bb5 Ra1+ 39. Kf2 Kd5 40. Be2 g5 41. hxg5 hxg5 42. Bf1 Ke5 43. Bc4 f4 44. gxf4+ gxf4 45. exf4+ Kxf4 46. Ke2 Ra2+ 47. Bxa2 1-0


[Site "https://www.chess.com"]

[Event "Titled Tuesday Blitz July 11 Late 2023"]
[White "Antonio, Jorge Carlos"]
[Black "Schnaider, Ilan"]
[WhiteFideId "113190"]
[BlackFideId "169013"]
[WhiteElo "2298"]
[BlackElo "2668"]
[Result "0-1"]
[Round "2"]
[TimeControl "180+2"]
[Date "2023.07.11"]
[WhiteClock "0:00:36"]
[BlackClock "0:02:25"]
[Board "76"]

1. d4 d5 2. Nf3 Nf6 3. Bf4 c5 4. e3 e6 5. c3 Bd6 6. Ne5 Qc7 7. Nd2 Nc6 8. Ndf3 Nd7 9. Bb5 O-O 10. Bxc6 bxc6 11. Bg3 Ba6 12. Nxd7 Qxd7 13. Bxd6 Qxd6 14. Ne5 f6 15. Nd3 cxd4 16. exd4 e5 17. dxe5 fxe5 18. Nb4 Qc5 19. Qd2 Bc4 20. b3 Bb5 21. a4 Rxf2 22. Qxf2 Qxc3+ 23. Qd2 Qxa1+ 24. Kf2 Rf8+ 25. Kg3 Qxh1 26. axb5 cxb5 27. Qxd5+ Kh8 28. Qxe5 Qf1 29. h3 Qf2+ 30. Kh2 Qf4+ 31. Qxf4 Rxf4 32. Nc6 a6 33. Kg3 Rf1 34. b4 Rc1 35. Nb8 Ra1 36. Kf4 Ra4 37. Ke5 Rxb4 38. Nxa6 Rb2 39. g4 b4 40. Kd4 b3 41. Kc3 Rh2 42. Kxb3 Rxh3+ 43. Kc4 Rg3 44. Nc5 Rxg4+ 45. Kd5 Rg5+ 46. Kd4 Rxc5 47. Kxc5 h5 0-1


[Site "https://www.chess.com"]

[Event "Titled Tuesday Blitz July 11 Late 2023"]
[White "Coelho, Ramyres Santana"]
[Black "Shuvalova, Polina"]
[WhiteFideId "2120690"]
[BlackFideId "24171760"]
[WhiteElo "2294"]
[BlackElo "2665"]
[Result "0-1"]
[Round "2"]
[TimeControl "180+2"]
[Date "2023.07.11"]
[WhiteClock "0:00:00"]
[BlackClock "0:00:16"]
[Board "77"]

1. e4 c6 2. d4 d5 3. Nc3 dxe4 4. Nxe4 Nf6 5. Nxf6+ exf6 6. Nf3 Bd6 7. Be3 O-O 8. Qd2 Bg4 9. O-O-O Nd7 10. h3 Bxf3 11. gxf3 f5 12. Bf4 Qc7 13. Bxd6 Qxd6 14. Rg1 Nf6 15. Qg5 g6 16. Qxf5 Rad8 17. c3 Rfe8 18. Bc4 Kg7 19. h4 b5 20. Bb3 a5 21. h5 Nd5 22. Kb1 Qf6 23. Qg4 a4 24. hxg6 hxg6 25. Bxd5 Rxd5 26. Rh1 Qf5+ 27. Qxf5 Rxf5 28. Rh3 Re2 29. Rf1 a3 30. bxa3 g5 31. Rg3 Kg6 32. Rh3 f6 33. Rg3 c5 34. dxc5 Rf4 35. Rg4 Rxf3 36. Rb4 Rxc3 37. Rxb5 g4 38. a4 Rec2 39. Rg1 f5 40. Rd1 Rxc5 41. Rd6+ Kg5 42. Rbb6 Rxf2 43. Rg6+ Kf4 44. Rb4+ Kg3 45. Rb5 Rc4 46. a5 Re4 47. Rc5 Re1+ 48. Rc1 Ree2 49. Rc3+ Kg2 50. a6 Rb2+ 51. Kc1 Rxa2 0-1


[Site "https://www.chess.com"]

[Event "Titled Tuesday Blitz July 11 Late 2023"]
[White "Omelja, Artem"]
[Black "Ward, Ieuan C"]
[WhiteFideId "14119846"]
[BlackFideId "406627"]
[WhiteElo "2655"]
[BlackElo "2292"]
[Result "1-0"]
[Round "2"]
[TimeControl "180+2"]
[Date "2023.07.11"]
[WhiteClock "0:00:51"]
[BlackClock "0:00:29"]
[Board "78"]

1. d4 Nf6 2. c4 e6 3. Nf3 b6 4. a3 Bb7 5. Nc3 d5 6. Bg5 Be7 7. e3 O-O 8. Be2 h6 9. Bh4 Nbd7 10. O-O Ne4 11. Bxe7 Qxe7 12. Nxe4 dxe4 13. Nd2 c5 14. dxc5 Nxc5 15. b4 Nd3 16. Qc2 Rfd8 17. Rad1 f5 18. Nb3 Ne5 19. Rd4 Rac8 20. Rfd1 Nc6 21. Rxd8+ Rxd8 22. c5 Rxd1+ 23. Qxd1 bxc5 24. Nxc5 Ne5 25. Qd4 Ng6 26. Bc4 Nf8 27. Qe5 Bc8 28. Qxf5 Qf6 29. Qxf6 gxf6 30. Nxe4 Kf7 31. Nd6+ 1-0


[Site "https://www.chess.com"]

[Event "Titled Tuesday Blitz July 11 Late 2023"]
[White "Adewumi, Tanitoluwa"]
[Black "Harish, Neeraj"]
[WhiteFideId "30966396"]
[BlackFideId "30958130"]
[WhiteElo "2650"]
[BlackElo "2291"]
[Result "1-0"]
[Round "2"]
[TimeControl "180+2"]
[Date "2023.07.11"]
[WhiteClock "0:00:19"]
[BlackClock "0:00:00"]
[Board "79"]

1. e4 e5 2. Nf3 Nc6 3. b3 Nf6 4. Bb5 a6 5. Bxc6 dxc6 6. d3 Bd6 7. Bb2 Qe7 8. Nbd2 O-O 9. Nc4 Nd7 10. O-O f6 11. Ne3 Nb6 12. Nh4 g6 13. g3 Bh3 14. Nhg2 Nd7 15. Qe2 a5 16. a4 Rf7 17. f4 Bc5 18. Kh1 Raf8 19. Ng4 Bxg4 20. Qxg4 Bd4 21. c3 Bb6 22. Ba3 Bc5 23. Bc1 Bd6 24. f5 g5 25. Qh5 Nc5 26. Qd1 Rd8 27. Qc2 Qd7 28. Be3 Bf8 29. d4 Na6 30. dxe5 fxe5 31. Rad1 Qe7 32. Rxd8 Qxd8 33. Rd1 Qe7 34. Qe2 h6 35. Qc4 Kg7 36. h4 Nc5 37. hxg5 hxg5 38. Kg1 Kf6 39. b4 axb4 40. cxb4 Na6 41. b5 cxb5 42. axb5 Nc5 43. Bd2 b6 44. Ne3 Kg7 45. Nd5 Qd6 46. Bxg5 Rd7 47. Ne3 Qxd1+ 48. Nxd1 Rxd1+ 49. Kg2 Nxe4 50. Qxe4 1-0


[Site "https://www.chess.com"]

[Event "Titled Tuesday Blitz July 11 Late 2023"]
[White "StarkyNZ"]
[Black "benny_aizenberg"]
[WhiteElo "2284"]
[BlackElo "2649"]
[Result "1-0"]
[Round "2"]
[TimeControl "180+2"]
[Date "2023.07.11"]
[WhiteClock "0:00:29"]
[BlackClock "0:00:00"]
[Board "80"]

1. c4 e5 2. Nc3 Nc6 3. g3 f5 4. Bg2 Nf6 5. e3 d6 6. Nge2 g6 7. d4 Bg7 8. O-O O-O 9. Rb1 a5 10. a3 Qe8 11. b4 axb4 12. axb4 g5 13. b5 Nd8 14. dxe5 dxe5 15. Nd5 Nxd5 16. Bxd5+ Be6 17. Bb2 Kh8 18. Ra1 Rxa1 19. Bxa1 g4 20. f3 gxf3 21. Rxf3 Bxd5 22. Qxd5 Qe6 23. e4 Qxd5 24. exd5 e4 25. Bxg7+ Kxg7 26. Ra3 Nf7 27. Nf4 Kf6 28. Ra7 Nd6 29. c5 Nxb5 30. Rxb7 Nc3 31. Rxc7 e3 32. Rc6+ Ke5 33. Re6+ Kd4 34. c6 Kc5 35. Rxe3 Nxd5 36. Re5 Kxc6 37. Rxd5 Rf7 38. Kg2 Kc7 39. h4 Kc6 40. h5 Rf6 41. Ra5 Rf7 42. Kh3 Kd6 43. Kh4 Rf8 44. h6 Rf7 45. Nh5 1-0


[Site "https://www.chess.com"]